 Dungeon Crawl Stone Soup version 0.22.1-2-g9c5b331383 (webtiles) character file.

290 Gargoyl the Skirmisher (level 6, -1/52 HPs)
             Began as a Centaur Abyssal Knight on Dec 20, 2018.
             Was a Follower of Lugonu.
             Killed by divine providence
             ... invoked by an orc priest
              (9 damage)
             ... on level 3 of the Dungeon.
             The game lasted 00:04:07 (2897 turns).

Gargoyl the Skirmisher (Centaur Abyssal Knight)     Turns: 2897, Time: 00:04:07

Health: -1/52      AC:  7    Str: 14    XL:     6   Next: 9%
Magic:  8/8        EV:  8    Int: 11    God:    Lugonu [*.....]
Gold:   55         SH:  0    Dex: 11    Spells: 5/5 levels left

rFire    + . .     SeeInvis .   a - +2 hand axe
rCold    . . .     Gourm    .   (no shield)
rNeg     . . .     Faith    .   d - +0 ring mail {rF+}
rPois    .         Spirit   .   (no helmet)
rElec    .         Reflect  .   (no cloak)
rCorr    .         Harm     .   j - +0 pair of gloves
MR       +....                  (no barding)
Stlth    +.........             (no amulet)
HPRegen  0.17/turn              m - ring of protection from magic
MPRegen  0.11/turn              (no ring)

@: flying, very quick
A: large, hooves 3, deformed body, speed 2, tough skin 3
a: Depart the Abyss, Renounce Religion


You were on level 3 of the Dungeon.
You worshipped Lugonu.
Lugonu was aware of your devotion.
You were not hungry.

You visited 1 branch of the dungeon, and saw 3 of its levels.
You visited the Abyss 1 time.

You collected 55 gold pieces.

Inventory:

Hand Weapons
 a - a +2 hand axe (weapon)
Armour
 d - a +0 ring mail of fire resistance (worn)
 j - a +0 pair of gloves (worn)
Jewellery
 l - an uncursed ring of wizardry {unknown}
 m - a ring of protection from magic (left hand)
Wands
 h - a wand of polymorph (11)
Scrolls
 b - a scroll of amnesia
 e - a scroll of enchant weapon
 i - a scroll of magic mapping
 k - a scroll of identify
 n - a scroll of remove curse
Comestibles
 c - 6 rations


   Skills:
 + Level 4.2 Fighting
 + Level 3.3 Axes
 * Level 2.7 Armour
 + Level 1.2 Dodging
 * Level 3.2 Invocations


You had 5 spell levels left.
You didn't know any spells.
Your spell library was empty.

Dungeon Overview and Level Annotations

Branches:
Dungeon (3/15)

Altars:

Annotations:
D:3 Natasha


Innate Abilities, Weirdness & Mutations

You have hooves in place of feet.
Armour fits poorly on your strangely shaped body.
You cover ground very quickly.
You have extremely tough skin. (AC +3)


Message History

The white imp gestures at you. The puff of frost hits you!
* * * LOW HITPOINT WARNING * * *
The adder bites you but does no damage. The adder bites you but does no damage.
The white imp gestures at you. The puff of frost hits you!
* * * LOW HITPOINT WARNING * * *
You feel better.
The white imp disappears in a puff of smoke!
The adder bites you.
* * * LOW HITPOINT WARNING * * *
The leopard gecko bites you.
* * * LOW HITPOINT WARNING * * *
The adder bites you but does no damage. The orc closely misses you.
The adder bites you but does no damage.
Natasha casts a spell.
The orc priest mumbles some strange prayers to Beogh against you.
Beogh smites you!
You die...

.#...#. #....# '...'
#....# #...# #....#
#lo.# ##..... #...#
#.....# #...# ####..##.#
#o..# ...##..##.# #lS.#
.....##....# #@Sr#..(...
#.##.# +.o.'....$.
#..... #...#......
#h.#.# #h..##.....
#....# ###.ยง.# #...#
#.#..# #####.5w### ####
#.#..#
........###########.#.>#
........K...5h......#..#
.......##############..#


You could see an orc priest, Natasha, 2 adders, a shadow imp, a dart slug, 2
orcs, 2 leopard geckos, a kobold and a rat.

Vanquished Creatures
  A centaur (D:3)
  Jessica (D:3)
  Natasha (D:2)
  7 gnolls
  5 adders
  An ooze (D:1)
  A worm (D:2)
  A dart slug (D:1)
  2 leopard geckos (D:1)
  5 bats
  4 giant cockroaches
  4 goblins
  4 hobgoblins
  A quokka (D:2)
  4 frilled lizards (D:2)
  3 kobolds
  4 rats
49 creatures vanquished.

Notes
Turn   | Place    | Note
-------+----------+-------------------------------------------
     0 | Abyss:1  | Gargoyl the Centaur Abyssal Knight began the quest for the
                  | Orb.
     0 | Abyss:1  | Reached XP level 1. HP: 19/19 MP: 2/2
    50 | Abyss:2  | Noticed a spatial maelstrom
    57 | Abyss:2  | Noticed a small abomination
    61 | D:1      | Escaped the Abyss
   389 | D:1      | Reached XP level 2. HP: 26/26 MP: 3/3
   458 | D:1      | Reached * piety under Lugonu
   749 | D:1      | Reached XP level 3. HP: 14/33 MP: 4/4
  1414 | D:1      | Reached skill level 4 in Fighting
  1424 | D:2      | Reached XP level 4. HP: 28/40 MP: 5/5
  1983 | D:2      | Reached skill level 1 in Dodging
  2309 | D:2      | Reached XP level 5. HP: 46/46 MP: 7/7
  2421 | D:2      | Noticed Natasha
  2430 | D:2      | Killed Natasha
  2758 | D:3      | Noticed Jessica
  2764 | D:3      | Killed Jessica
  2842 | D:3      | Noticed a centaur
  2846 | D:3      | Noticed Natasha
  2852 | D:3      | Killed a centaur
  2852 | D:3      | Reached XP level 6. HP: 14/52 MP: 8/8
  2897 | D:3      | Killed from afar by an orc priest

Skill      XL: |  1  2  3  4  5 |
---------------+----------------+-----
Axes           | 2 3 |  3.3
Fighting       | 4 |  4.2
Armour         | 2 |  2.7
Dodging        | 1 |  1.2
Invocations    | 3 |  3.2

Action                   |  1- 3 |  4- 6 || total
-------------------------+-------+-------++-------
Melee: Hand axe          |    73 |    86 ||   159
       Kick              |    15 |    18 ||    33
Invok: Depart the Abyss  |     1 |       ||     1
  Use: Scroll            |       |     6 ||     6
       Potion            |       |     2 ||     2
  Eat: Chunk             |     1 |     4 ||     5
Armor: Ring mail         |    40 |    55 ||    95
Dodge: Dodged            |    42 |    44 ||    86
